 Dungeon Crawl Stone Soup version 0.28.0 (webtiles) character file.

Game seed: 13445947603613558229

5 Snicker the Sneak (level 1, -3/18 HPs)
             Began as a Demonspawn Delver on Feb 19, 2022.
             Slain by an iguana (9 damage)
             ... on level 5 of the Dungeon.
             The game lasted 00:01:46 (498 turns).

Snicker the Sneak (Demonspawn Delver)                Turns: 498, Time: 00:01:47

Health: -3/18      AC:  3    Str: 12    XL:     1   Next: 66%
Magic:  10/10      EV: 11    Int: 11    God:
Gold:   16         SH:  0    Dex: 14    Spells: 0/0 levels left

rFire   . . .      SeeInvis .   a - +0 short sword
rCold   . . .      Faith    .   (no shield)
rNeg    . . .      Spirit   .   b - +0 leather armour
rPois   .          Reflect  .   (no helmet)
rElec   .          Harm     .   (no cloak)
rCorr   .          Rampage  .   (no gloves)
Will    .....                   (no boots)
Stlth   +++.......              (no amulet)
HPRegen 0.06/turn               j - ring of magical power
MPRegen 0.12/turn               (no ring)

@: no status effects
A: no striking features
a: no special abilities


You were on level 5 of the Dungeon.
You visited 1 branch of the dungeon, and saw 4 of its levels.

You collected 16 gold pieces.

Inventory:

Hand Weapons
 a - a +0 short sword (weapon)
Armour
 b - a +0 leather armour (worn)
Jewellery
 j - a ring of magical power (left hand)
Wands
 g - a wand of digging (3)
Scrolls
 c - a scroll of fog
 d - a scroll of magic mapping
 e - a scroll of fear
 h - a scroll of amnesia {unknown}
 k - a scroll of blinking {unknown}
Potions
 f - a potion of haste
 i - a potion of curing {unknown}


   Skills:
 + Level 3.0 Fighting
 * Level 2.0 Short Blades
 + Level 1.7 Dodging
 * Level 4.7 Stealth


You couldn't memorise any spells.
You didn't know any spells.
Your spell library contained the following spells:

 Spells                   Type           Power      Damage    Failure   Level
 Corpse Rot               Necr/Air       0%         N/A       56%         2
 Poisonous Vapours        Pois/Air       0%         N/A       56%         2


Dungeon Overview and Level Annotations

Branches:
Dungeon (7/15)
 Temple: D:4-7

Altars:


Message History

You hear the hiss of an avalanche of sand.
Found a stone staircase leading up.
Found 14 stones.
There is a stone staircase leading up here.
An iguana comes into view.
The iguana hisses angrily.
The ogre closely misses you.
There is a stone staircase leading up here.
The ogre hits you with a +0 giant club!
Ouch! That really hurt!
* * * LOW HITPOINT WARNING * * *
You climb upwards.
Found a blue potion and 17 arrows.
There is a stone staircase leading down here.
A hobgoblin comes into view.
A kobold comes into view.
It is wielding a +2 short sword of holy wrath.
Found a scroll labelled HOKKIP UTWARIATI.
The hobgoblin shouts!
There is a shaft here.
You fall into a shaft and drop 1 floor!
The shaft crumbles and collapses.
You hear the hiss of flowing sand.
There is an entrance to an ossuary on this level.
Hurry and find it before the portal is buried!
You start resting.
You hear the brisk hiss of an avalanche of sand very nearby.
You start resting.
An iguana is nearby!
The iguana hisses angrily.
You hear the brisk hiss of an avalanche of sand nearby.
The iguana bites you.
* * * LOW HITPOINT WARNING * * *
You see here a +0 robe.
There is a stone staircase leading down here.
There is an open door here.
The iguana barely misses you. The iguana barely misses you.
You hear the brisk hiss of a distant avalanche of sand.
The iguana bites you!
Ouch! That really hurt!
You die...

. ## #.# . ..# #.#
#........ #.# #.#
#........ #.###.#
#........ ######..##.#
#........ #.......##.#
#........ #........#.#
#......##
#....@...#.####.....##
+....l...............#
#.......#..#########.#
#.......#..##.........
#.......##>.'.........
#.......#####.......[.
#.......# ########....
#.......# #...........
#.......# #...........


You could see an iguana.

Vanquished Creatures
  2 orcs (D:6)
  A hobgoblin (D:6)
3 creatures vanquished.

Notes
Turn   | Place    | Note
-------+----------+-------------------------------------------
     0 | D:5      | Snicker the Demonspawn Delver began the quest for the Orb.
     0 | D:5      | Reached XP level 1. HP: 18/18 MP: 1/1
   177 | D:7      | Noticed a steam dragon
   235 | D:6      | Noticed an ice beast
   237 | D:6      | Noticed a phantom
   307 | D:5      | Noticed an ogre
   354 | D:5      | Noticed an iguana
   374 | D:4      | You fall into a shaft and drop 1 floor!
   498 | D:5      | Slain by an iguana

Illustrated notes

Levels and vault maps discovered:
D:4:      layout_basic, serial_corexii_hall, corexii_hall_statues_i,
          corexii_hall_statues_x
D:5:      layout_basic, general_overflow_altar, enter_ossuary_5
D:6:      corexii_shack_village, layout_basic
D:7:      layout_rooms, minmay_temple_entry_statues_fountains,
          kennysheep_pointless_box

Skill      XL: |  1 |
---------------+----+-----
Short Blades   | 2 |  2.0
Fighting       | |  3.0
Dodging        | |  1.7
Stealth        | |  4.7

Action                   || total
-------------------------++-------
Melee: Short sword       ||     5
 Stab: Sleeping          ||     2
Dodge: Dodged            ||     6
